 Dungeon Crawl Stone Soup version 0.31-a0-355-g57cb03d3e8 (webtiles) character file.

Game seed: 9978580110628211902

264 billz999 the Chiller (level 5, -2/35 HPs)
             Began as a Demonspawn Ice Elementalist on July 25, 2023.
             Slain by a hornet (8 damage)
             ... on level 4 of the Dungeon.
             The game lasted 00:10:33 (4234 turns).

billz999 the Chiller (Demonspawn Ice Elementalist)  Turns: 4234, Time: 00:10:33

Health: -2/35      AC:  2    Str:  8    XL:     5   Next: 98%
Magic:  4/11       EV: 12    Int: 19    God:
Gold:   184        SH:  0    Dex: 13    Spells: 8/12 levels left

rFire   . . .        k - +0 morningstar
rCold   . . .        (no shield)
rNeg    . . .        a - +0 robe
rPois   .            (no helmet)
rElec   .            (no cloak)
rCorr   .            (no gloves)
SInv    +            (no boots)
Will    .....        (no amulet)
Stlth   ++           d - ring of see invisible
HPRegen 0.25/turn    (no ring)
MPRegen 0.12/turn

%: no passive effects
@: freezing walls, slowed, very slow
A: foul stench 1, powered by death 1
a: no special abilities


You were on level 4 of the Dungeon.
You visited 1 branch of the dungeon, and saw 4 of its levels.

You collected 184 gold pieces.

Inventory:

Hand Weapons
 c - a +0 club
 k - a +0 morningstar (weapon)
Armour
 a - a +0 robe (worn)
Jewellery
 d - a ring of see invisible (left hand)
Talismans
 j - a serpent talisman
 l - a beast talisman
Wands
 o - a wand of flame (13)
Scrolls
 h - 3 scrolls of teleportation
 i - a scroll of brand weapon
 m - a scroll of revelation {unknown}
Potions
 b - a potion of magic
 e - a potion of brilliance
 f - a potion of haste {unknown}
 g - 2 potions of curing {unknown}
 n - a potion of might {unknown}
 q - a potion of heal wounds {unknown}


   Skills:
 - Level 1.7 Dodging
 - Level 1.7 Stealth
 + Level 4.1 Spellcasting
 + Level 5.5 Ice Magic


You had 8 spell levels left.
You knew the following spells:

 Your Spells              Type           Power      Damage    Failure   Level
a - Freeze                Ice            96%        1d10      1%          1
b - Frozen Ramparts       Ice            48%        1d8       4%          3

Your spell library contained the following spells:

 Spells                   Type           Power      Damage    Failure   Level
 Ozocubu's Armour         Ice            24%        N/A       4%          3
 Dazzling Flash           Conj/Hex       6%         N/A       38%         3
 Volatile Blastmotes      Fire/Tloc      6%         2d10      38%         3
 Summon Ice Beast         Ice/Summ       14%        N/A       41%         4
 Starburst                Conj/Fire      1%         6d3       100%        6
 Maxwell's Capacitive Co  Air            1%         ∞         100%        8


Dungeon Overview and Level Annotations

Branches:
Dungeon (4/15)
 Temple: D:4-7

Altars:

Shops:
D:1 :=?

Annotations:
D:4 Blork the orc


Innate Abilities, Weirdness & Mutations

You may rarely emit foul miasma when damaged in melee.
You regenerate a little health from kills.


Message History

A hornet is nearby!
Casting: Freeze (safe; 1% risk of failure)
Confirm with . or Enter, or press ? or * to list all spells.
Casting: Frozen Ramparts (dangerous; 4% risk of failure)
Press: ? - help, Dir - look around, f - activate The walls around you are covered in ice.
There are no objects that can be picked up here. a giant cockroach corpse The wall freezes the hornet.
Casting: Frozen Ramparts (dangerous; 4% risk of failure)
Confirm with . or Enter, or press ? or * to list all spells.
Aiming: Freeze (safe; 1% risk of failure)
Press: ? - help, Shift-Dir - straight line, f - hornet
Aim: a hornet (lightly wounded)
You freeze the hornet!
The hornet is moderately wounded.
The wall freezes the hornet.
The hornet barely misses you.
Unknown command.
Casting: Freeze (safe; 1% risk of failure)
Confirm with . or Enter, or press ? or * to list all spells.
Aiming: Freeze (safe; 1% risk of failure)
Press: ? - help, Shift-Dir - straight line, f/p - hornet
Aim: a hornet (heavily wounded)
You freeze the hornet.
The hornet is severely wounded.
The wall freezes the hornet but does no damage.
The hornet stings you!
You feel yourself slow down.
The wall freezes the hornet.
The hornet stings you!
* * * LOW HITPOINT WARNING * * *
You feel as though you will be slow longer.
Casting: Freeze (safe; 1% risk of failure)
Confirm with . or Enter, or press ? or * to list all spells.
Aiming: Freeze (safe; 1% risk of failure)
Press: ? - help, Shift-Dir - straight line, f/p - hornet
Aim: a hornet (severely wounded)
You freeze the hornet.
The hornet is severely wounded.
The wall freezes the hornet but does no damage.
The hornet stings you!
You die...

#.....#...###.##.#####
#.....#.......#......#
#.....#.......#......#
#.....#.......#......#
#.....#.......+......#
#.....#..###.###..####
#.....#..# #.###..####
#.....y..# ...#.......
#....@#..+ ...#.......
#.....#..# .##...##..
#.....##+# #...##..
#.....+ +........
#.....# #........
#.....# ####.####
#.....# #.#### #.....#
#..... .....


You could see a hornet.

Vanquished Creatures
  A bullfrog (D:4)
  A hound (D:3)
  An orc wizard (D:3)
  2 adders (D:3)
  3 worms
  3 dart slugs
  8 orcs (D:3)
  4 ball pythons
  9 endoplasms
  7 giant cockroaches
  10 goblins
  12 hobgoblins
  11 jackals (D:1)
  5 kobolds
  3 quokkas
  4 bats
  2 frilled lizards
  8 rats
94 creatures vanquished.

Notes
Turn   | Place    | Note
-------+----------+-------------------------------------------
     0 | D:1      | billz999 the Demonspawn Ice Elementalist began the quest
                  | for the Orb.
     0 | D:1      | Reached XP level 1. HP: 13/13 MP: 3/3
   177 | D:1      | Reached skill level 4 in Ice Magic
   177 | D:1      | Gained mutation: You may rarely emit foul miasma when
                  | damaged in melee. [demonic ancestry]
   177 | D:1      | Reached XP level 2. HP: 19/19 MP: 1/5
   452 | D:1      | Found Quhosarph's Jewellery Boutique.
   721 | D:1      | Reached XP level 3. HP: 20/24 MP: 4/6
   741 | D:1      | Found Hoga's Magic Scroll Emporium.
   824 | D:1      | Learned a level 3 spell: Frozen Ramparts
  1595 | D:1      | Found Ryofuami's Book Emporium.
  2185 | D:2      | Reached XP level 4. HP: 30/30 MP: 6/8
  2717 | D:2      | You fall into a shaft and drop 2 floors!
  2790 | D:4      | Noticed Blork the orc
  2902 | D:3      | Found a faded altar of an unknown god.
  3339 | D:3      | Reached skill level 5 in Ice Magic
  3442 | D:3      | Gained mutation: You regenerate a little health from kills.
                  | [demonic ancestry]
  3442 | D:3      | Reached XP level 5. HP: 35/35 MP: 5/10
  4226 | D:4      | Noticed a hornet
  4234 | D:4      | Slain by a hornet

Illustrated notes

Levels and vault maps discovered:
D:1:      dpeg_arrival_radiant, layout_basic, serial_shops,
          nicolae_shop_rolled_up, shop, shop
D:2:      layout_loops_cross, minmay_tromino_i4
D:3:      layout_basic, hellmonk_ecumenical_altar_zigzags
D:4:      layout_gridville, kennysheep_generic_room_12, uniq_blork_the_orc

Skill      XL: |  1  2  3  4  5 |
---------------+----------------+-----
Ice Magic      | 4 5 |  5.5
Spellcasting   | 3 4 |  4.1
Dodging        | |  1.7
Stealth        | |  1.7

Action                     |  1- 3 |  4- 6 || total
---------------------------+-------+-------++-------
  Melee: Unarmed           |     4 |       ||     4
         Club              |    12 |     1 ||    13
         Morningstar       |       |     4 ||     4
   Cast: Freeze            |    49 |    57 ||   106
         Frozen Ramparts   |    13 |    14 ||    27
    Use: Scroll            |       |     3 ||     3
 Armour: Robe              |     8 |     1 ||     9
  Dodge: Dodged            |    22 |    25 ||    47

Table legend: (Time is in decaauts)
 A = Elapsed time spent in this place.
 B = Non-inter-level travel time spent in this place.
 C = Inter-level travel time spent in this place.
 D = Time resting spent in this place.
 E = Time spent auto-exploring this place.
 F = Levels seen in this place.
 G = Mean time per level.
                   A        B        C        D        E       F      G
               +--------+--------+--------+--------+--------+-----+--------+
         Total |   4237 |   4146 |     91 |    550 |   2944 |   4 | 1059.2 |
       Dungeon |   4237 |   4146 |     91 |    550 |   2944 |   4 | 1059.2 |
               +--------+--------+--------+--------+--------+-----+--------+

Top non-repeatable levels by time:
     D:1: 1856 daAuts
     D:2: 1154 daAuts
     D:3: 956 daAuts
     D:4: 269 daAuts
